 Dungeon Crawl Stone Soup version 0.16-a0-77-g708f960 (webtiles) character file.

65 Crauler the Insei (level 3, -3/29 HPs)
             Began as a Demonspawn Monk on Aug 8, 2014.
             Slain by an adder (5 damage)
             ... on Level 2 of the Dungeon.
             The game lasted 00:07:49 (2124 turns).

Crauler the Insei (Demonspawn Monk)                 Turns: 2124, Time: 00:07:49

HP  -3/29        AC  2     Str 11      XL: 3   Next: 92%
MP   3/3         EV 13     Int 11      God:
Gold 92          SH  0     Dex 16      Spells:  0 memorised,  2 levels left

rFire  . . .     SeeInvis .     l - +0 short sword (elec)
rCold  . . .     Clarity  .     a - +0 robe
rNeg   . . .     rCorr    .     (no shield)
rPois  .         rRot     .     (no helmet)
rElec  .         Spirit   .     (no cloak)
SustAb .         Warding  .     (no gloves)
rMut   .         Stasis   .     (no boots)
Gourm  .                        (no amulet)
MR     .....                    (no ring)
                                (no ring)

@: lethally poisoned, not resistant to hostile enchantments, fairly stealthy
A: claws 1, nightstalker 1
a: no special abilities


You were on level 2 of the Dungeon.
You were not hungry.

You visited 1 branch of the dungeon, and saw 2 of its levels.

You collected 92 gold pieces.

Inventory:

Hand weapons
 l - a +0 short sword of electrocution (weapon)
Armour
 a - a +0 robe (worn)
Comestibles
 b - 2 bread rations
 n - a chunk of rat flesh
 p - a meat ration
 s - 2 fruits
Scrolls
 g - a scroll of magic mapping {unknown}
 i - 2 scrolls of identify {unknown}
 m - 3 scrolls of enchant armour {unknown}
 o - a scroll of noise {unknown}
 q - a scroll of amnesia {unknown}
 r - a scroll of teleportation {unknown}
 u - a scroll of remove curse
Jewellery
 c - an uncursed ring of teleportation
Potions
 d - a potion of invisibility {unknown}
 e - 2 potions of curing {unknown}
 f - 2 potions of magic {unknown}
 h - a potion of resistance {unknown}
 k - a potion of heal wounds {unknown}
 t - a potion of lignification {unknown}


   Skills:
 + Level 3.6 Fighting
 + Level 1.0 Short Blades
 + Level 3.3 Dodging
 + Level 2.2 Stealth
 - Level 3.7 Unarmed Combat


You had 2 spell levels left.
You didn't know any spells.

Dungeon Overview and Level Annotations

Branches:
Dungeon (2/15)

Altars:
Elyvilon


Innate Abilities, Weirdness & Mutations

You have sharp fingernails.
You are slightly more attuned to the shadows.


Message History

You miss the adder.
The adder is heavily wounded.
You feel sick. The adder bites you.
* * * LOW HITPOINT WARNING * * *
You are more poisoned.
The adder poisons you!
You hit the adder.
The adder is severely wounded.
* * * LOW HITPOINT WARNING * * *
You feel sick. The adder misses you. The adder closely misses you.
You closely miss the adder.
The adder is severely wounded.
* * * LOW HITPOINT WARNING * * *
You feel sick. The adder bites you.
* * * LOW HITPOINT WARNING * * *
Drink which item? (? for menu, Esc to quit)
You feel refreshed.
It was a potion of restore abilities.
* * * LOW HITPOINT WARNING * * *
You feel sick. The adder bites you.
You die...

#.# #.# #<# #.# #.# ### ###
#.# ##+## #.. . ..# #.#
##...## #.##.##.# #.###
##.....###.##.##.# #.#.##
##S@.....##.##..#.#
#....####.......!.#.##....##
#.......+.....?...%.........
#....####.........#.......##
#.#.## ##.......##.......#
###.### ##.....####..⌠..##
#...<.# ##...## ##...##
#.....# ##+## ##..# #.....#
#.# ##.#


You could see an adder.

Vanquished Creatures
  3 worms (D:2)
  A giant gecko (D:1)
  An ooze (D:1)
  2 bats
  2 giant cockroaches
  5 goblins
  4 hobgoblins
  7 giant newts
  A jackal (D:2)
  7 kobolds
  4 quokkas (D:2)
  11 rats
48 creatures vanquished.

Notes
Turn   | Place    | Note
--------------------------------------------------------------
     0 | D:1      | Crauler, the Demonspawn Monk, began the quest for the Orb.
     0 | D:1      | Reached XP level 1. HP: 18/18 MP: 1/1
   235 | D:1      | Gained mutation: You are slightly more attuned to the shadows. [demonic ancestry]
   235 | D:1      | Reached XP level 2. HP: 24/24 MP: 2/2
   939 | D:2      | Found a white marble altar of Elyvilon.
  1081 | D:2      | Gained mutation: You have sharp fingernails. [demonic ancestry]
  1081 | D:2      | Reached XP level 3. HP: 18/29 MP: 3/3
  2035 | D:2      | Reached skill level 1 in Short Blades
  2124 | D:2      | Slain by an adder

Action                   || total
-------------------------++-------
Melee: Unarmed           ||    38
       Short sword       ||   117
  Use: Scroll            ||     2
       Potion            ||     1
 Stab: Sleeping          ||     8
  Eat: Chunk             ||     4
